 Dungeon Crawl Stone Soup version 0.25-a0-610-gd0df705f03 (webtiles) character file.

Game seed: 7641373819607527111, levelgen mode: deterministic

457 Lugonue the Slasher (level 6, -1/52 HPs)
             Began as a Minotaur Gladiator on Mar 16, 2020.
             Slain by a hornet (3 damage)
             ... on level 4 of the Dungeon.
             The game lasted 00:05:55 (2718 turns).

Lugonue the Slasher (Minotaur Gladiator)            Turns: 2718, Time: 00:05:55

Health: -1/52      AC: 12    Str: 21    XL:     6   Next: 77%
Magic:  5/5        EV:  9    Int:  5    God:
Gold:   156        SH:  0    Dex: 11    Spells: 5/5 levels left

rFire    . . .     SeeInvis .   r - +0 great sword
rCold    . . .     Gourm    .   (shield currently unavailable)
rNeg     . . .     Faith    .   v - +1 chain mail {MR+}
rPois    .         Spirit   .   c - +0 hat
rElec    .         Reflect  .   a - +0 cloak
rCorr    .         Harm     .   n - +0 pair of gloves
MR       +....                  (no boots)
Stlth    ..........             (no amulet)
HPRegen  0.17/turn              (no ring)
MPRegen  0.09/turn              (no ring)

@: lethally poisoned (-1 -> -32), flying, slowed, very slow
A: retaliatory headbutt, horns 2
a: no special abilities


You were on level 4 of the Dungeon.
You were not hungry.

You visited 1 branch of the dungeon, and saw 4 of its levels.

You collected 156 gold pieces.

Inventory:

Hand Weapons
 r - a +0 great sword (weapon)
Missiles
 i - 5 javelins (quivered)
 j - 18 boomerangs
 k - 39 bolts
Armour
 a - a +0 cloak (worn)
 c - a +0 hat (worn)
 n - a +0 pair of gloves (worn)
 s - a +2 ring mail of fire resistance
 v - a +1 chain mail of magic resistance (worn)
Scrolls
 g - a scroll of fear {unknown}
 h - a scroll of remove curse
 l - 6 scrolls of identify {unknown}
 p - a scroll of enchant weapon {unknown}
 q - a scroll of amnesia {unknown}
 u - a scroll of immolation {unknown}
Potions
 b - a potion of magic {unknown}
 e - a potion of flight
 m - 2 potions of brilliance {unknown}
 o - a potion of mutation {unknown}
 t - 2 potions of curing {unknown}
Comestibles
 f - 9 rations


   Skills:
 + Level 3.8 Fighting
 + Level 6.9 Long Blades
 + Level 2.5 Throwing
 + Level 2.4 Armour
 * Level 4.9 Dodging
 + Level 0.1 Stealth


You had 5 spell levels left.
You didn't know any spells.
Your spell library was empty.

Dungeon Overview and Level Annotations

Branches:
Dungeon (4/15)
 Temple: D:4-7

Altars:
Xom


Innate Abilities, Weirdness & Mutations

You reflexively headbutt those who attack you in melee.
You have a pair of horns on your head.


Message History

You feel as though you will be slow longer.
The hornet barely misses you.
Unknown command.
Unknown command.
It was a potion of flight.
You feel very buoyant.
You fly up into the air.
* * * LOW HITPOINT WARNING * * *
You feel very sick. The hornet closely misses you.
The hornet stings you but does no damage.
Throwing (i - inventory. (/) - cycle)
d - a throwing net (quivered)
Press: ? - help, Shift-Dir - straight line, f/p - hornet
Aim: a hornet (almost dead)
You throw a throwing net.
The throwing net barely misses the hornet.
* * * LOW HITPOINT WARNING * * *
You feel very sick. The hornet completely misses you. The hornet stings you.
You die...

# #.#.# #.# ###
#.#####.#.###.#### #
...(.........#.....# #
..###.#..########.# # #..# #..
#.....# #.# ## #..# #.. #.#...#
#.###. #..# #.. #.#...# #.#...
#..# #..##.....# #.###. #..#
#...@y...# #.# #. #..# #...######
#.# #. ###..###### #...# #.# #.
....[.....####..# #######.# #.
###.#####.#.....######.......# #.
#......##.#....>.....#.##########
.......##.'..........#.##........
#......####..........#.##.#######
#......# #..........#.##.#


You could see a hornet.

Vanquished Creatures
  2 phantoms (D:4)
  A hound (D:4)
  Terence (D:3)
  A worker ant (D:4)
  7 gnolls
  A howler monkey skeleton (D:4)
  3 adders
  3 oozes
  3 worms
  4 dart slugs
  2 leopard geckos
  3 orcs
  5 bats
  3 giant cockroaches
  9 goblins
  5 hobgoblins
  6 jackals
  A quokka (D:3)
  2 frilled lizards (D:1)
  5 kobolds
  A quokka skeleton (D:4)
  10 rats
78 creatures vanquished.

Notes
Turn   | Place    | Note
-------+----------+-------------------------------------------
     0 | D:1      | Lugonue the Minotaur Gladiator began the quest for the Orb.
     0 | D:1      | Reached XP level 1. HP: 18/18 MP: 0/0
    23 | D:1      | Reached XP level 2. HP: 18/25 MP: 1/1
    36 | D:1      | Reached skill level 4 in Long Blades
   457 | D:2      | Reached XP level 3. HP: 30/30 MP: 2/2
   900 | D:2      | Found a shimmering altar of Xom.
  1453 | D:2      | Reached XP level 4. HP: 36/37 MP: 3/3
  1542 | D:2      | Reached skill level 5 in Long Blades
  1572 | D:3      | Reached skill level 1 in Armour
  1977 | D:3      | Noticed Terence
  1982 | D:3      | Killed Terence
  1982 | D:3      | Reached XP level 5. HP: 45/45 MP: 4/4
  2224 | D:4      | Noticed a phantom
  2240 | D:4      | Killed a phantom
  2240 | D:4      | Reached skill level 6 in Long Blades
  2316 | D:4      | Reached XP level 6. HP: 51/51 MP: 5/5
  2471 | D:4      | Noticed a hornet
  2715 | D:4      | Paralysed by a hornet for 1 turns
  2718 | D:4      | HP: 2/52 [poisoned by a hornet]
  2718 | D:4      | Slain by a hornet

Levels and vault maps discovered:
D:1:      beargit_arrival_greenhouse, layout_rooms
D:2:      layout_loops_corners, overflow_temple_1_default
D:3:      layout_loops_ring, chequers_serial_rivers_micro_c, uniq_terence
D:4:      layout_basic, lemuel_blue_sif_altar, minmay_cut_off, uniq_ijyb,
          uniq_crazy_yiuf_cottage

Skill      XL: |  1  2  3  4  5 |
---------------+----------------+-----
Long Blades    | 4 5 6 |  6.9
Dodging        | 4 |  4.9
Fighting       | 3 |  3.8
Armour         | 1 2 |  2.4
Throwing       | |  2.5
Stealth        | |  0.1

Action                   |  1- 3 |  4- 6 || total
-------------------------+-------+-------++-------
Melee: Long sword        |    67 |    12 ||    79
       Headbutt          |     8 |    20 ||    28
       Great sword       |       |    66 ||    66
Throw: Boomerang         |     6 |    18 ||    24
       Throwing net      |       |     4 ||     4
  Use: Scroll            |       |     6 ||     6
       Potion            |       |     1 ||     1
  Eat: Chunk             |     2 |     4 ||     6
Armor: Leather armour    |     9 |       ||     9
       Ring mail         |     6 |     9 ||    15
       Chain mail        |       |    42 ||    42
Dodge: Dodged            |    48 |    65 ||   113
       Rpst.: Long sword |    14 |     3 ||    17
       Great sword       |       |    19 ||    19

Table legend:
 A = Non-vault XP
 B = Vault XP
 C = Vault XP percentage of total XP
 D = Non-vault monster count
 E = Vault monster count
 F = Vault count percentage of total count
                 A         B        C        D         E       F
            +---------+---------+-------+---------+---------+-------
      Total |     617 |      36 |   5.5 |      77 |       1 |   1.3
            +---------+---------+-------+---------+---------+-------
        D:1 |      39 |       0 |   0.0 |      23 |       0 |   0.0
        D:2 |     102 |       0 |   0.0 |      24 |       0 |   0.0
        D:3 |      53 |      36 |  40.4 |      15 |       1 |   6.2
        D:4 |     423 |       0 |   0.0 |      15 |       0 |   0.0
            +---------+---------+-------+---------+---------+-------
